 Dungeon Crawl Stone Soup version 0.23.2-40-g277498a (webtiles) character file.

Game seed: 3604023217646307331

11 peteyfrogboy the Vexing (level 2, 0/23 HPs)
             Began as a Gnoll Wanderer on Sept 24, 2019.
             Succumbed to an adder's poison
             ... on level 2 of the Dungeon.
             The game lasted 00:01:37 (944 turns).

peteyfrogboy the Vexing (Gnoll Wanderer)             Turns: 944, Time: 00:01:38

Health: 0/23       AC:  2    Str: 16    XL:     2   Next: 29%
Magic:  2/7        EV: 11    Int: 13    God:
Gold:   18         SH:  0    Dex: 13    Spells: 7/10 levels left

rFire    . . .     SeeInvis .   a - +0 club
rCold    . . .     Gourm    .   (no shield)
rNeg     . . .     Faith    .   e - +0 robe
rPois    .         Spirit   .   (no helmet)
rElec    .         Reflect  .   (no cloak)
rCorr    .         Harm     .   (no gloves)
MR       .....                  (no boots)
Stlth    ++........             (no amulet)
HPRegen  0.07/turn              (no ring)
MPRegen  0.10/turn              (no ring)

@: lethally poisoned (0 -> -8), very slightly contaminated
A: distributed training, fangs 1, strong nose
a: no special abilities


You were on level 2 of the Dungeon.
You were not hungry.

You visited 1 branch of the dungeon, and saw 2 of its levels.

You collected 18 gold pieces.

Inventory:

Hand Weapons
 a - a +0 club (weapon)
 b - a +0 blowgun
Missiles
 c - 7 poisoned needles
Armour
 e - a +0 robe (worn)
Scrolls
 i - a scroll of teleportation {unknown}
Potions
 d - a potion of curing
 g - a potion of flight {unknown}
Comestibles
 f - a ration


   Skills:
 + Level 2.4 Fighting
 + Level 0.3 Short Blades
 + Level 2.4 Long Blades
 + Level 0.3 Axes
 + Level 0.3 Maces & Flails
 + Level 0.3 Polearms
 + Level 0.3 Staves
 + Level 0.3 Slings
 + Level 0.3 Bows
 + Level 0.3 Crossbows
 + Level 4.4 Throwing
 + Level 0.3 Armour
 + Level 0.3 Dodging
 + Level 2.2 Stealth
 + Level 0.3 Shields
 + Level 0.3 Unarmed Combat
 + Level 4.9 Spellcasting
 + Level 0.2 Conjurations
 + Level 5.3 Hexes
 + Level 0.2 Charms
 + Level 0.2 Summonings
 + Level 0.2 Necromancy
 + Level 0.2 Translocations
 + Level 0.2 Transmutations
 + Level 0.2 Fire Magic
 + Level 0.2 Ice Magic
 + Level 0.2 Air Magic
 + Level 0.2 Earth Magic
 + Level 0.2 Poison Magic
 + Level 0.4 Invocations
 + Level 0.3 Evocations


You had 7 spell levels left.
You knew the following spells:

 Your Spells              Type           Power        Failure   Level  Hunger
a - Corona                Hex            ###....      1%          1    None
b - Ensorcelled Hibernat  Hex/Ice        ##....       9%          2    ##.....

Your spell library contained the following spells:

 Spells                   Type           Power        Failure   Level  Hunger
 Confuse                  Hex            ###.....     6%          3    ###....
 Tukima's Dance           Hex            ###.....     6%          3    ###....
 Dazzling Spray           Conj/Hex       ##....       19%         3    ###....


Dungeon Overview and Level Annotations

Branches:
Dungeon (2/15)

Altars:


Innate Abilities, Weirdness & Mutations

Your experience applies equally to all skills.
You have very sharp teeth.
Your uncanny sense of smell can sniff out nearby items.


Message History

The adder bites you but does no damage.
You closely miss the adder. The adder bites you. The adder barely misses you.
You hit the adder.
The adder is moderately wounded.
The adder stops glowing.
The adder bites you but does no damage. The adder bites you.
You are more poisoned.
The adder poisons you!
You hit the adder. Your bite misses the adder.
The adder is severely wounded.
You feel sick. The adder bites you.
* * * LOW HITPOINT WARNING * * *
You miss the adder.
The adder is severely wounded.
* * * LOW HITPOINT WARNING * * *
You feel sick. The adder bites you but does no damage. The adder bites you.
* * * LOW HITPOINT WARNING * * *
You closely miss the adder.
The adder is severely wounded.
You die...

##.......## #.##
#.........####...####
+.........'.........r
#.........####...####
#.......## #.##
##.....## .# ##...##
. ##'## ## #@#
......S.# .#####..#
#... ∆ .... .....#
###.## #.#


You could see an adder.

Vanquished Creatures
  2 giant cockroaches (D:1)
  3 hobgoblins (D:1)
  A kobold (D:1)
  2 bats (D:1)
  3 rats (D:1)
11 creatures vanquished.

Notes
Turn   | Place    | Note
-------+----------+-------------------------------------------
     0 | D:1      | peteyfrogboy the Gnoll Wanderer began the quest for the
                  | Orb.
     0 | D:1      | peteyfrogboy set off with the following items: a +0
                  | blowgun, a potion of curing, 7 poisoned needles, a +0 robe,
                  | a ration; and the following spell memorised: Corona; and
                  | the following spells available to memorise: Confuse,
                  | Tukima's Dance, Ensorcelled Hibernation, Dazzling Spray
     0 | D:1      | Reached XP level 1. HP: 17/17 MP: 6/6
   314 | D:1      | Reached XP level 2. HP: 11/23 MP: 7/7
   548 | D:1      | Learned a level 2 spell: Ensorcelled Hibernation
   621 | D:1      | HP: 1/23 [hobgoblin (3)]
   943 | D:2      | HP: 1/23 [adder (4)]
   944 | D:2      | Succumbed to an adder's poison

Action                   || total
-------------------------++-------
Melee: Unarmed           ||    32
       Club              ||    36
       Bite              ||     6
 Cast: Corona            ||     6
       Ensorcelled Hiber ||     4
 Stab: Sleeping          ||     1
Armor: Robe              ||    13
Dodge: Dodged            ||    58
